 Dungeon Crawl Stone Soup version 0.28.0-53-g5a82cb258f (webtiles) character file.

Game seed: 7674336762714795335

6634 Sin92 the Cleaver (level 10, -3/79 HPs)
             Began as a Demonspawn Fighter on Aug 8, 2022.
             Was a Priest of Okawaru.
             Slain by a death yak (7 damage)
             ... on level 9 of the Dungeon.
             The game lasted 00:11:19 (9602 turns).

Sin92 the Cleaver (Demonspawn Fighter)              Turns: 9602, Time: 00:11:20

Health: -3/79      AC: 17    Str: 27    XL:     10   Next: 72%
Magic:  0/11       EV: 14    Int:  9    God:    Okawaru [***...]
Gold:   520        SH:  6    Dex: 18    Spells: 9/9 levels left

rFire   . . .      SeeInvis .   k - +4 hand axe "Waeliv" {flame, Dex+3}
rCold   . . .      Faith    .   c - +0 buckler
rNeg    . . .      Spirit   +   w - +0 acid dragon scales
rPois   .          Reflect  .   b - +2 helmet
rElec   .          Harm     .   i - +1 cloak
rCorr   +          Rampage  .   (no gloves)
Will    .....                   (no boots)
Stlth   +++.......              (no amulet)
HPRegen 0.23/turn               g - +6 ring of strength
MPRegen 0.24/turn               l - +4 ring of protection

@: on berserk cooldown
A: thin skeletal structure 1, magic shield, magic regeneration, weakness stinger
1
a: Renounce Religion, Heroism


You were on level 9 of the Dungeon.
You worshipped Okawaru.
Okawaru was most pleased with you.
You visited 1 branch of the dungeon, and saw 9 of its levels.

You collected 520 gold pieces.

Inventory:

Hand Weapons
 k - the +4 hand axe "Waeliv" (weapon) {flame, Dex+3}
   (You found it on level 2 of the Dungeon)

   It burns those it strikes, dealing additional fire damage.
   Big, fiery blades are also staple armaments of hydra-hunters.
   Dex:       It affects your dexterity (+3).
 t - a +1 broad axe of venom
Missiles
 a - a throwing net (quivered)
Armour
 b - a +2 helmet (worn)
 c - a +0 buckler (worn)
 h - a +0 chain mail
 i - a +1 cloak (worn)
 w - +0 acid dragon scales (worn)
Jewellery
 g - a +6 ring of strength (left hand)
 l - a +4 ring of protection (right hand)
Wands
 v - a wand of flame (5)
Scrolls
 n - a scroll of blinking
 o - 3 scrolls of teleportation
 q - 2 scrolls of vulnerability
 s - a scroll of fear
Potions
 d - 2 potions of curing
 e - a potion of berserk rage
 f - a potion of magic
 j - a potion of ambrosia
 m - a potion of heal wounds
 p - 3 potions of brilliance
 r - a potion of attraction
 u - 2 potions of degeneration


   Skills:
 + Level 7.3 Fighting
 * Level 8.9 Axes
 + Level 6.7 Armour
 - Level 5.7 Dodging
 + Level 1.3 Stealth
 + Level 6.7 Shields
 + Level 1.7 Invocations


You had 9 spell levels left.
You didn't know any spells.
Your spell library contained the following spells:

 Spells                   Type           Power      Damage    Failure   Level
 Magic Dart               Conj           0%         1d3       52%         1
 Shock                    Conj/Air       0%         1d3       52%         1
 Static Discharge         Conj/Air       0%         N/A       67%         2
 Mephitic Cloud           Conj/Pois/Air  0%         N/A       88%         3
 Ozocubu's Armour         Ice            0%         N/A       88%         3
 Swiftness                Air            0%         N/A       88%         3
 Airstrike                Air            0%         N/A       99%         4
 Lightning Bolt           Conj/Air       0%         1d11      100%        5
 Metabolic Englaciation   Hex/Ice        0%         N/A       100%        5
 Orb of Destruction       Conj           0%         9d5       100%        7
 Maxwell's Capacitive Co  Air            0%         ∞         100%        8
 Call Imp                 Summ           Unusable   N/A       N/A         2
 Summon Guardian Golem    Hex/Summ       Unusable   N/A       N/A         3
 Simulacrum               Ice/Necr       Unusable   N/A       N/A         6
 Spellforged Servitor     Conj/Summ      Unusable   N/A       N/A         7

Dungeon Overview and Level Annotations

Branches:
Dungeon (9/15)             Temple (0/1) D:7            Lair (0/6) D:9
    Orc: D:9-12

Altars:
Ashenzari
Elyvilon
Gozag
Hepliaklqana
Kikubaaqudgha
Nemelex Xobeh
Okawaru
Qazlal
Wu Jian
Xom
Yredelemnul
Zin
The Shining One

Shops:
D:1 ?


Innate Abilities, Weirdness & Mutations

You have a somewhat thin skeletal structure. (Dex +2, Stealth+)
When hurt, damage is shared between your health and your magic reserves.
You regenerate magic rapidly.
You have a small tail.


Message History

The death yak is heavily wounded.
The death yak barely misses you.
You slash the death yak! You burn the death yak.
The death yak is severely wounded.
The death yak gores you!
You barely miss the death yak.
The death yak is severely wounded.
The death yak gores you but does no damage.
You hit the death yak but do no damage. You tail-slap the death yak!
The death yak is severely wounded.
The death yak barely misses you.
You slash the death yak! You burn the death yak.
Your tail-slap misses the death yak.
The death yak is almost dead.
You feel like a meek peon again. You block the death yak's attack.
You slash the death yak! You burn the death yak.
You kill the death yak!
Okawaru is honoured by your kill.
You feel yourself speed up. The death yak gores you!
* * * LOW HITPOINT WARNING * * *
Your Stealth skill increases to level 1!
Your Invocations skill increases to level 1!
You hit the death yak but do no damage. You slash the death yak!
You burn the death yak.
The death yak is lightly wounded.
The death yak gores you!
* * * LOW HITPOINT WARNING * * *
You hit the death yak. You burn the death yak.
The death yak is moderately wounded.
The death yak closely misses you.
You hit the death yak. You burn the death yak.
The death yak is moderately wounded.
The death yak gores you!
* * * LOW HITPOINT WARNING * * *
You hit the death yak. You burn the death yak. You tail-slap the death yak.
The death yak is moderately wounded.
The death yak gores you!
You die...

##########################
..................)..>.>.#
#####...###.############.#
#...# #.# #.# #...# #.#
#####.# ########...# #.#
#.....# #..........# #.#
#.##### ###..........# #.#
#.# .............# #@#
#####.# #######.###### #Y#
#.....# .# #..# #.#
#.####### .#######c## #.#
#.#....<# .'<........ #.#
#.#.....#
.##....Y...#####.#
#.....#.#
###.......Y..Y...#
#####.#.# ######.....[...#
#.#.# ..=.....# #.#.#


You could see a death yak.

Vanquished Creatures
  Harold (D:9)
  2 death yaks (D:9)
  A komodo dragon (D:9)
  Psyche (D:9)
  Prince Ribbit (D:9)
  Grinder (D:3)
  Sigmund (D:8)
  A wyvern (D:9)
  3 steam dragons
  An acid dragon (D:7)
  A water moccasin (D:7)
  A black bear (D:6)
  An orc warrior (D:9)
  A necrophage (D:6)
  2 ice beasts
  4 ogres
  2 centaurs
  4 kobold brigands
  3 bullfrogs
  A scorpion (D:4)
  6 killer bees (D:8)
  2 wights (D:9)
  5 howler monkeys
  A centaur zombie (D:8)
  2 jellies (D:7)
  3 hounds
  3 orc priests
  A centaur skeleton (D:6)
  5 iguanas
  Natasha (thrice) (D:2)
  Terence (D:3)
  6 orc wizards
  2 hell rats (D:9)
  A killer bee zombie (D:6)
  11 gnolls
  7 adders
  2 white imps (D:7)
  2 ufetubi
  An adder skeleton (D:4)
  2 worms
  7 dart slugs
  32 orcs
  11 ball pythons
  9 endoplasms
  5 giant cockroaches
  8 goblins
  6 hobgoblins
  4 quokkas
  2 bats
  5 frilled lizards
  28 kobolds
  3 rats
219 creatures vanquished.

Vanquished Creatures (others)
  3 kobolds (D:8)
  3 plants
6 creatures vanquished.

Grand Total: 225 creatures vanquished

Notes
Turn   | Place    | Note
-------+----------+-------------------------------------------
     0 | D:1      | Sin92 the Demonspawn Fighter began the quest for the Orb.
     0 | D:1      | Reached XP level 1. HP: 18/18 MP: 1/1
   211 | D:1      | Reached skill level 2 in Axes
   258 | D:1      | Found Voisueps's Magic Scroll Emporium.
   276 | D:1      | Gained mutation: You regenerate magic rapidly. [demonic
                  | ancestry]
   276 | D:1      | Reached XP level 2. HP: 24/24 MP: 2/2
   745 | D:1      | Reached XP level 3. HP: 17/29 MP: 3/3
  1587 | D:2      | Noticed Natasha
  1597 | D:2      | Killed Natasha
  1598 | D:2      | Reached skill level 1 in Dodging
  1598 | D:2      | Gained mutation: You have a small tail. [demonic ancestry]
  1598 | D:2      | Reached XP level 4. HP: 19/35 MP: 4/4
  1839 | D:2      | Noticed Natasha
  1844 | D:2      | Killed Natasha
  1876 | D:2      | Noticed Natasha
  1882 | D:2      | Killed Natasha
  1883 | D:2      | Reached skill level 3 in Axes
  1970 | D:2      | Found a faded altar of an unknown god.
  2072 | D:2      | Reached XP level 5. HP: 29/41 MP: 5/5
  2526 | D:2      | Identified the +4 hand axe "Waeliv" {flame, Dex+3}
  2945 | D:3      | Noticed Grinder
  2948 | D:3      | Paralysed by Grinder for 3 turns
  2958 | D:3      | Killed Grinder
  2959 | D:3      | Gained mutation: You have a somewhat thin skeletal
                  | structure. (Dex +2, Stealth+) [demonic ancestry]
  2959 | D:3      | Reached XP level 6. HP: 20/48 MP: 6/6
  3303 | D:3      | Found a stormy altar of Qazlal.
  3306 | D:3      | Noticed a water elemental
  3306 | D:3      | Noticed a fire elemental
  3306 | D:3      | Noticed an air elemental
  3356 | D:3      | Reached skill level 4 in Axes
  3546 | D:3      | Noticed Terence
  3553 | D:3      | Killed Terence
  4044 | D:4      | Reached XP level 7. HP: 48/54 MP: 7/7
  4131 | D:5      | Entered Level 5 of the Dungeon
  5250 | D:5      | Reached skill level 5 in Axes
  5343 | D:5      | Reached XP level 8. HP: 54/61 MP: 8/8
  5983 | D:6      | Reached skill level 5 in Fighting
  6103 | D:6      | Found an opulent altar of Gozag.
  6350 | D:6      | Reached skill level 6 in Axes
  6590 | D:6      | Identified a scroll of acquirement
  6590 | D:6      | Acquired a +1 broad axe of venom
  6612 | D:7      | Reached skill level 5 in Armour
  6612 | D:7      | Reached skill level 5 in Shields
  6660 | D:7      | Found a sparkling altar of Nemelex Xobeh.
  6660 | D:7      | Found a hazy altar of Hepliaklqana.
  6660 | D:7      | Found an ornate altar of the Wu Jian Council.
  6663 | D:7      | Found a basalt altar of Yredelemnul.
  6663 | D:7      | Found an iron altar of Okawaru.
  6679 | D:7      | Became a worshipper of Warmaster Okawaru
  6814 | D:7      | Gained mutation: When hurt, damage is shared between your
                  | health and your magic reserves. [demonic ancestry]
  6814 | D:7      | Reached XP level 9. HP: 65/69 MP: 9/9
  7048 | D:7      | Found a broken altar of Ashenzari.
  7121 | D:7      | Reached * piety under Okawaru
  7180 | D:7      | Found an ancient bone altar of Kikubaaqudgha.
  7313 | D:7      | Found a staircase to the Ecumenical Temple.
  7627 | D:8      | Reached skill level 7 in Axes
  8152 | D:8      | Found a shimmering altar of Xom.
  8172 | D:8      | Noticed an angel
  8432 | D:8      | Reached skill level 5 in Dodging
  8450 | D:8      | Reached ** piety under Okawaru
  8639 | D:8      | Noticed Sigmund
  8654 | D:8      | Killed Sigmund
  8973 | D:9      | Noticed Harold
  8977 | D:9      | Noticed a komodo dragon
  8994 | D:9      | Killed Harold
  8995 | D:9      | Reached skill level 8 in Axes
  8995 | D:9      | Reached XP level 10. HP: 77/77 MP: 8/10
  9038 | D:9      | Noticed Prince Ribbit
  9047 | D:9      | Killed Prince Ribbit
  9052 | D:9      | Noticed a death yak
  9053 | D:9      | Found a staircase to the Lair.
  9080 | D:9      | Noticed a death yak
  9087 | D:9      | Killed a death yak
  9087 | D:9      | Reached *** piety under Okawaru
  9088 | D:9      | Noticed a death yak
  9556 | D:9      | Noticed Psyche
  9564 | D:9      | Killed Psyche
  9597 | D:9      | Killed a death yak
  9598 | D:9      | Reached skill level 1 in Stealth
  9598 | D:9      | Reached skill level 1 in Invocations
  9602 | D:9      | Slain by a death yak

Illustrated notes

Levels and vault maps discovered:
D:1:      lemuel_arrival_funnel, layout_loops_cross, serial_shops, shop,
          minmay_misc_feat_tower
D:2:      layout_loops_ring, shapermc_ecumenical_altar_totnotflames,
          columned_hall_lemuel, minmay_misc_feat_doors,
          guppyfry_early_lair_pool, uniq_natasha
D:3:      cheibrodos_old_hovel, layout_basic, nicolae_qazlal_style_of_elements,
          uniq_terence, uniq_grinder
D:4:      layout_rooms
D:5:      layout_layer_cave, kennysheep_generic_room_12
D:6:      layout_basic, tso_oasis_becter, amcnicky_altar_gilded
D:7:      layout_loops_ring, grunt_temple_overflow_open,
          kiku_gazebo_pond_becter, mainiacjoe_overflow_chevrons,
          minmay_temple_entry_purple_smoke, serial_park_tiny_1
D:8:      layout_basic, grunt_temple_overflow_order_and_chaos_1, sigmund_army
D:9:      gammafunk_indiana_jones, layout_basic, dpeg_lair_monsters,
          eino_house_with_fridge, uniq_harold, uniq_psyche, uniq_prince_ribbit1

Skill      XL: |  1  2  3  4  5  6  7  8  9 10 |
---------------+-------------------------------+-----
Axes           | 2 3 4 5 6 8 |  8.9
Shields        | 3 4 5 6 |  6.7
Armour         | 3 4 5 6 |  6.7
Dodging        | 1 2 3 4 5 |  5.7
Fighting       | 4 5 6 7 |  7.3
Stealth        | 1 |  1.3
Invocations    | 1 |  1.7

Action                   |  1- 3 |  4- 6 |  7- 9 | 10-12 || total
-------------------------+-------+-------+-------+-------++-------
Melee: War axe           |   100 |    35 |       |       ||   135
       Tailslap          |       |     9 |    55 |    14 ||    78
       Hand axe          |       |    78 |   331 |    79 ||   488
Invok: Heroism           |       |       |     1 |     1 ||     2
  Use: Potion            |     1 |     1 |     2 |     2 ||     6
       Scroll            |     4 |     3 |    12 |     1 ||    20
 Stab: Sleeping          |       |       |     1 |       ||     1
Armor: Scale mail        |    46 |    35 |       |       ||    81
       Chain mail        |       |     7 |    92 |       ||    99
       Acid dragon scale |       |       |    75 |    18 ||    93
Dodge: Dodged            |    35 |    44 |   168 |    32 ||   279
Block: Buckler           |    28 |    24 |   109 |    15 ||   176
